Map: Void Thrashing

Players

NamroodTuo

  • Race: Zerg Zerg

ЧудоГном

  • Race: Terran Terran
  • Spawn Location: 9:00

VOD

Have the link to the VOD?

Description

Time

  • Played on: March 17, 2023, 11:30 a.m.
  • Length: 15:16
Show
View Real Time Build Order
Export as new Build Order

NamroodTuo Zerg 

Build Orders:  

Get SALT Encoding   

  12  0:13  Overlord  
  12  0:19  Infested SCV  
  13  0:29  Infested SCV  
  14  0:32  Infested SCV  
  15  0:40  Infested SCV  
  15  0:49  Infested SCV  
  17  0:58  Infested Refinery  
  17  1:05  Infested SCV  
  18  1:12  Infested Refinery  
  18  1:22  Overlord  
  18  1:39  Infested SCV  
  19  1:53  Infested Barracks, Infested SCV  
  20  2:09  Infested Engineering Bay  
  20  2:10  Infested SCV  
  21  2:33  Infested Factory  
  21  2:37  Infested SCV  
  22  2:42  Infested SCV  
  23  3:03  Infested SCV  
  24  3:20  Infested SCV  
  24  3:25  Infested Marine  
  24  3:26  Infested Marine x5  
  31  3:32  Overlord  
  31  3:41  Infested Armory  
  31  3:46  Overlord  
  31  4:13  Infested Marine  
  31  4:14  Infested Marine x10  
  31  4:16  Infested Factory Tech Lab  
  42  4:22  Infested SCV  
  42  4:23  Infested SCV  
  44  4:32  Overseer  
  44  4:33  Infested Factory  
  44  4:37  Overseer  
  44  5:09  Stukov Vehicle and Ship Weapons Level 1  
  38  5:18  Infested SCV x3  
  31  5:54  Infested Command Center  
  31  5:58  Infested Refinery  
  30  6:27  Infested Factory Tech Lab  
  30  6:34  Acidic Enzymes  
  30  6:52  Infested Marine x3  
  30  6:53  Infested Marine x14  
  30  6:58  Overlord x2  
  47  7:06  Saturated Cultures  
  47  7:35  Infested Refinery  
  47  7:41  Infested SCV  
  47  7:42  Infested SCV x2  
  47  7:49  Infested Siege Tank, Infested Diamondback, Stukov Vehicle and Ship Armor Level 1  
  56  8:04  Automated Mitosis  
  56  8:09  Infested SCV x2  
  58  8:21  Infested SCV x2  
  58  8:22  Infested SCV x2  
  58  8:28  Overlord  
  45  8:47  Infested SCV x2  
  47  9:04  Caustic Mucus  
  47  9:05  Infested SCV  
  47  9:07  Aggressive Incubation  
  48  9:12  Infested Siege Tank  
  48  9:16  Infested SCV  
  52  9:20  Infested SCV  
  52  9:21  Infested SCV x2  
  55  9:30  Overseer  
  55  9:31  Overseer  
  55  9:33  Overlord  
  55  9:37  Infested SCV  
  56  9:42  Infested SCV  
  57  10:02  Overlord  
  57  10:15  Infested SCV  
  58  10:23  Infested SCV x3  
  58  10:29  Infested Siege Tank, Stukov Vehicle and Ship Weapons Level 2  
  64  10:30  Infested Siege Tank, Infested Diamondback  
  64  10:31  Infested Diamondback  
  73  10:42  Infested Siege Tank, Infested Diamondback  
  79  10:56  Infested Diamondback  
  82  11:25  Infested Siege Tank, Infested Diamondback  
  82  11:26  Infested Siege Tank, Infested Diamondback  
  82  11:27  Infested Diamondback  
  97  11:42  Infested Siege Tank  
  97  11:45  Overlord  
  97  11:46  Overlord x2  
  100  11:57  Overlord x2  
  100  12:29  Infested Siege Tank x2, Infested Diamondback  
  109  12:30  Infested Siege Tank, Infested Diamondback  
  115  12:43  Overseer  
  115  12:44  Overseer x2  
  115  12:53  Infested Siege Tank  
  118  13:22  Infested Siege Tank  
  118  13:23  Infested Siege Tank, Infested Diamondback x2  
  130  13:38  Unknown  
  130  13:47  Overlord x3  
  130  13:48  Overlord x3  
  130  13:51  Infested Siege Tank  
  130  13:55  Infested Siege Tank  
  130  13:59  Infested Siege Tank  
Show
View Real Time Build Order
Export as new Build Order

ЧудоГном Terran 

Build Orders:  

Get SALT Encoding   

  12  0:03  SCV  
  13  0:20  SCV  
  14  0:37  SCV  
  15  0:43  Supply Depot  
  15  1:13  SCV  
  15  1:15  Barracks  
  16  1:29  Refinery  
  16  1:30  SCV  
  17  1:47  SCV  
  18  1:50  Supply Depot  
  18  1:59  Refinery  
  18  2:03  SCV  
  19  2:20  SCV  
  19  2:25  Engineering Bay  
  20  2:35  Marine  
  20  2:37  SCV  
  22  2:49  Barracks Tech Lab  
  22  2:54  SCV  
  23  3:01  Barracks  
  23  3:11  SCV  
  23  3:13  Terran Infantry Weapons Level 1  
  24  3:20  Marauder  
  24  3:28  SCV  
  27  3:37  Barracks  
  27  3:40  Marine  
  27  3:45  SCV  
  29  3:50  Barracks Tech Lab  
  29  3:53  Marine  
  30  4:02  SCV  
  30  4:03  Supply Depot  
  31  4:20  Factory  
  31  4:24  Concussive Shells  
  31  4:32  Medic  
  31  4:33  Marauder  
  35  5:55  SCV  
  35  5:58  Supply Depot  
  36  6:00  Barracks Tech Lab  
  36  6:01  Factory Tech Lab  
  36  6:04  Marauder  
  38  6:12  SCV  
  38  6:19  Supply Depot  
  39  6:28  Marauder, Medic  
  43  6:31  Supply Depot  
  43  6:41  Marauder  
  43  6:43  Marine  
  46  6:55  Marine x2  
  48  7:07  Marine  
  48  7:08  Marine  
  50  7:20  Marine  
  51  7:48  Siege Tank  
  54  7:53  Firebat x3  
  54  7:58  Supply Depot  
  54  7:59  Supply Depot  
  60  8:02  Terran Infantry Armor Level 1  
  60  8:10  Armory  
  60  8:11  Siege Tank  
  63  8:28  Marine x2, Medic  
  67  8:40  Marine x3  
  70  9:19  Starport  
  70  9:23  Siege Tank  
  70  9:26  Terran Vehicle and Ship Weapons Level 1  
  73  9:36  Siege Tank  
  73  10:13  Marauder  
  73  10:14  Marauder x2  
  73  10:18  Starport Tech Lab  
  79  10:23  Starport  
  64  11:45  Siege Tank  
  61  12:07  Unknown  
  58  12:15  Starport Reactor  
  58  12:16  Banshee  
  58  12:19  Siege Tank  
  64  12:28  Marine x3  
  67  12:40  Marine  
  67  12:41  Marine x2, Siege Tank  
  67  12:46  Banshee  
  76  12:53  Marine x3  
  76  12:55  Supply Depot  
  76  12:58  Supply Depot  
  79  13:25  Marine x3  
  79  13:26  Viking, Banshee  
Tags
 
Commander
RaynorStukov
Matchup
Co-op
Replay Pack
Multiplayer
Add a new tag
Caveats
  • Supply blocks, unpowered buildings, or Contaminate may cause inaccurate times.
  • Supply counts are checked every 10 seconds.